 Dungeon Crawl Stone Soup version 0.28.0-49-g6dfe1f597d (webtiles) character file.

Game seed: 15554662888816194949

574 Exodus22XD the Covered (level 7, -3/60 HPs)
             Began as a Minotaur Fighter on May 19, 2022.
             Was an Initiate of Ashenzari.
             Slain by a kobold brigand
             ... wielding a +0 club
              (5 damage)
             ... on level 5 of the Dungeon.
             The game lasted 00:05:52 (3844 turns).

Exodus22XD the Covered (Minotaur Fighter)           Turns: 3844, Time: 00:05:52

Health: -3/60      AC: 10    Str: 22    XL:     7   Next: 12%
Magic:  6/6        EV:  7    Int:  5    God:    Ashenzari [......]
Gold:   166        SH:  5    Dex: 10    Spells: 6/6 levels left

rFire   . . .      SeeInvis .   a - +0 war axe
rCold   . . .      Faith    .   c - +0 buckler
rNeg    . . .      Spirit   .   q - +0 chain mail
rPois   .          Reflect  .   (helmet restricted)
rElec   .          Harm     .   (no cloak)
rCorr   .          Rampage  .   (no gloves)
Will    .....                   (no boots)
Stlth   ..........              l - amulet of the acrobat
HPRegen 0.20/turn               (no ring)
MPRegen 0.10/turn               (no ring)

@: mighty
A: horns 2, retaliatory headbutt
a: Renounce Religion, Curse Item


You were on level 5 of the Dungeon.
You worshipped Ashenzari.
Ashenzari was noncommittal.
You visited 1 branch of the dungeon, and saw 5 of its levels.

You collected 166 gold pieces.

Inventory:

Hand Weapons
 a - a +0 war axe (weapon)
 e - a +0 flail
 o - a +1 flail of protection
Armour
 c - a +0 buckler (worn)
 q - a +0 chain mail (worn)
Jewellery
 l - an amulet of the acrobat (around neck)
 n - a ring of ice
Wands
 k - a wand of paralysis (8)
Scrolls
 f - 3 scrolls of identify {unknown}
 i - a scroll of vulnerability {unknown}
 m - a scroll of teleportation {unknown}
 p - a scroll of enchant weapon {unknown}
Potions
 g - 4 potions of curing {unknown}
 h - a potion of heal wounds {unknown}
 j - 2 potions of ambrosia {unknown}


   Skills:
 + Level 4.8 Fighting
 + Level 6.1 Axes
 + Level 6.3 Armour
 + Level 5.2 Shields


You had 6 spell levels left.
You didn't know any spells.
Your spell library was empty.

Dungeon Overview and Level Annotations

Branches:
Dungeon (5/15)             Temple (0/1) D:4

Altars:
Ashenzari
Qazlal

Shops:
D:3 *

Annotations:
D:3 3 runed translucent doors, Aphynety's ghost, amateur DsFE
D:4 2 transporters, PanSaczeczos's ghost, amateur SpEE


Innate Abilities, Weirdness & Mutations

You have a pair of horns on your head.
You reflexively headbutt those who attack you in melee.


Message History

You slash the yak! You hit the yak. You barely miss the kobold brigand.
You barely miss the kobold.
You feel sick. The kobold hits you but does no damage.
The kobold brigand hits you but does no damage.
You block the yak's attack. The yak gores you!
* * * LOW HITPOINT WARNING * * *
The kobold hits you but does no damage. x2
You slash the kobold!
You kill the kobold!
You slash the yak! You barely miss the yak.
You closely miss the kobold brigand. You hit the kobold but do no damage.
You feel sick.
The kobold brigand hits you but does no damage.
The adder bites you but does no damage. The kobold barely misses you.
You furiously retaliate!
You headbutt the kobold.
You kill the kobold!
You closely miss the adder. You slash the yak!
You kill the yak!
You hit the yak. You closely miss the kobold brigand.
You feel sick.
You are no longer poisoned.
You block the adder's attack.
The kobold brigand hits you but does no damage.
The adder bites you but does no damage.
Your Axes skill increases to level 6!
Your Armour skill increases to level 6!
You have reached level 7!
You barely miss the yak.
The yak is severely wounded.
You slash the kobold!
You kill the kobold!
You miss the adder. You completely miss the kobold brigand.
You block the yak's attack. You block the kobold brigand's attack.
You block the adder's attack. The yak gores you but does no damage.
The kobold brigand hits you but does no damage.
You closely miss the adder. Your headbutt misses the adder.
You hit the kobold brigand. You hit the yak but do no damage.
You barely miss the yak. The adder bites you but does no damage.
The yak gores you!
* * * LOW HITPOINT WARNING * * *
The kobold brigand hits you with a +0 club.
You die...

###### ####
##.....####...#
#..............
#..............
#.......K......
#.....)@Y.....$
###+###SY##..##
#Y.##..##
#.).......
#.).......
#........<
#.........
#.........
#.......$Y


You could see 3 yaks, a kobold brigand and an adder.

Vanquished Creatures
  A yak (D:5)
  A centaur (D:4)
  A phantom (D:4)
  A scorpion (D:4)
  A bullfrog zombie (D:5)
  An iguana (D:4)
  An orc wizard (D:4)
  5 adders
  A worm (D:2)
  7 orcs
  4 bats
  6 endoplasms
  9 giant cockroaches
  7 hobgoblins
  3 jackals (D:3)
  13 kobolds
  2 quokkas
  3 ball pythons
  6 frilled lizards
  8 goblins
  4 rats
85 creatures vanquished.

Notes
Turn   | Place    | Note
-------+----------+-------------------------------------------
     0 | D:1      | Exodus22XD the Minotaur Fighter began the quest for the
                  | Orb.
     0 | D:1      | Reached XP level 1. HP: 19/19 MP: 0/0
   251 | D:1      | Reached XP level 2. HP: 27/27 MP: 1/1
   531 | D:1      | Found a faded altar of an unknown god.
   682 | D:1      | Prayed at the altar of an unknown god.
   682 | D:1      | Became a worshipper of Ashenzari the Shackled
   724 | D:2      | Found a stormy altar of Qazlal.
   736 | D:2      | Reached XP level 3. HP: 32/33 MP: 2/2
  1422 | D:3      | Found Ketoza's General Store.
  1458 | D:3      | Found a runed translucent gate.
  1458 | D:3      | Found a runed translucent gate.
  1461 | D:3      | Noticed a bullfrog
  1462 | D:3      | Found a runed translucent gate.
  1462 | D:3      | Noticed Aphynety's ghost (amateur DsFE)
  1553 | D:3      | Reached XP level 4. HP: 20/40 MP: 3/3
  2506 | D:4      | Found a transporter.
  2520 | D:4      | Reached XP level 5. HP: 23/47 MP: 4/4
  2712 | D:4      | Noticed PanSaczeczos's ghost (amateur SpEE)
  2807 | D:4      | Found a transporter.
  2896 | D:4      | Found a staircase to the Ecumenical Temple.
  2929 | D:4      | Noticed a phantom
  2942 | D:4      | Killed a phantom
  2943 | D:4      | Reached skill level 5 in Armour
  3138 | D:4      | Noticed a centaur
  3148 | D:4      | Killed a centaur
  3149 | D:4      | Reached skill level 5 in Axes
  3149 | D:4      | Reached XP level 6. HP: 41/53 MP: 5/5
  3284 | D:4      | Reached skill level 5 in Shields
  3823 | D:5      | Entered Level 5 of the Dungeon
  3823 | D:5      | Noticed a yak
  3824 | D:5      | Noticed a yak
  3824 | D:5      | Noticed a yak
  3825 | D:5      | Noticed a yak
  3842 | D:5      | Killed a yak
  3843 | D:5      | Reached XP level 7. HP: 14/60 MP: 6/6
  3844 | D:5      | HP: 2/60 [yak (13)]
  3844 | D:5      | Slain by a kobold brigand

Illustrated notes

Levels and vault maps discovered:
D:1:      ncdulo_watergridlock, layout_loops_cross,
          shapermc_ecumenical_altar_starsandcircs
D:2:      layout_rooms, basic_altar, nrook_uturn, interstate_on_off,
          grunt_decor_clamped, minmay_misc_feat_square, minmay_worlds_worst_comb
D:3:      layout_basic, gammafunk_ghost_split, serial_shops,
          nicolae_shop_statue_plus
D:4:      layout_cave_pools, temple_doors_e, gammafunk_ghost_arena, st_stairs_2
D:5:      layout_gridville, biasface_ghost_orc_armoury, uniq_pikel

Skill      XL: |  1  2  3  4  5  6 |
---------------+-------------------+-----
Armour         | 4 5 6 |  6.3
Fighting       | 4 |  4.8
Shields        | 4 5 |  5.2
Axes           | 3 4 5 6 |  6.1

Action                   |  1- 3 |  4- 6 |  7- 9 || total
-------------------------+-------+-------+-------++-------
Melee: War axe           |   121 |    92 |     2 ||   215
       Headbutt          |     8 |    11 |       ||    19
  Use: Potion            |       |     1 |       ||     1
Armor: Scale mail        |    57 |    47 |       ||   104
       Chain mail        |       |    11 |     3 ||    14
Dodge: Dodged            |    55 |    68 |       ||   123
Block: Buckler           |    30 |    30 |     3 ||    63
